 Dungeon Crawl Stone Soup version 0.30-a0-43-gbbf338a72c (webtiles) character file.

Game seed: 15706143719662112316

823 QueenGhuleh the Chopper (level 7, -6/62 HPs)
             Began as a Minotaur Berserker on Aug 31, 2022.
             Was a Priest of Trog.
             Killed from afar by an orc wizard (8 damage)
             ... with a puff of flame
             ... on level 5 of the Dungeon.
             The game lasted 00:05:52 (4202 turns).

QueenGhuleh the Chopper (Minotaur Berserker)        Turns: 4202, Time: 00:05:52

Health: -6/62      AC: 12    Str: 24    XL:     7   Next: 64%
Magic:  6/6        EV:  7    Int:  4    God:    Trog [***...]
Gold:   196        SH:  0    Dex:  9    Spells: 6/6 levels left

rFire   . . .      SeeInvis .    p - +4 quarterstaff (chaos)
rCold   . . .      Faith    .    (shield currently unavailable)
rNeg    . . .      Spirit   .    o - +0 plate armour
rPois   .          Reflect  .    (helmet restricted)
rElec   .          Harm     .    (no cloak)
rCorr   .          Rampage  .    (no gloves)
Will    ++...                    (no boots)
Stlth   ..........               (no amulet)
HPRegen 1.20/turn                (no ring)
MPRegen 0.10/turn                (no ring)

@: lethally poisoned (-6 -> -6), strong-willed, on berserk cooldown,
regenerating, slowed, very slow
A: horns 2, retaliatory headbutt
a: Renounce Religion, Berserk, Trog's Hand


You were on level 5 of the Dungeon.
You worshipped Trog.
Trog was most pleased with you.
You visited 1 branch of the dungeon, and saw 5 of its levels.

You collected 196 gold pieces.

Inventory:

Hand Weapons
 a - a +0 hand axe
 p - a +4 quarterstaff of chaos (weapon)
Missiles
 b - a throwing net (quivered)
Armour
 o - a +0 plate armour (worn)
Jewellery
 s - a ring of ice
Wands
 j - a wand of flame (8)
Scrolls
 d - a scroll of vulnerability {unknown}
 e - 3 scrolls of identify {unknown}
 g - a scroll of amnesia {unknown}
 h - 2 scrolls of noise {unknown}
 l - 4 scrolls of poison {unknown}
 q - a scroll of magic mapping {unknown}
 r - a scroll of enchant weapon {unknown}
 u - a scroll of torment {unknown}
 v - a scroll of fear {unknown}
Potions
 c - 5 potions of curing {unknown}
 f - a potion of invisibility {unknown}
 i - 3 potions of flight {unknown}
 k - 2 potions of heal wounds {unknown}
 m - 2 potions of degeneration {unknown}
 n - a potion of brilliance {unknown}
 t - a potion of haste {unknown}


   Skills:
 + Level 5.9 Fighting
 + Level 6.2 Axes
 + Level 4.0 Staves
 + Level 5.8 Armour
 + Level 3.5 Dodging
 + Level 0.6 Stealth


You had 6 spell levels left.
You didn't know any spells.
Your spell library was empty.

Dungeon Overview and Level Annotations

Branches:
Dungeon (5/15)             Temple (0/1) D:5

Altars:


Innate Abilities, Weirdness & Mutations

You have a pair of horns on your head.
You reflexively headbutt those who attack you in melee.


Message History

The orc wizard casts a spell at you. The puff of flame hits you!
* * * LOW HITPOINT WARNING * * *
The scorpion stings you but does no damage.
Your Staves skill increases to level 4!
You feel very sick.
A white imp comes into view.
The scorpion stings you.
* * * LOW HITPOINT WARNING * * *
You're still recovering from your berserk rage.
Your skin crawls.
You feel strong-willed.
You feel sick.
The white imp shouts!
You hear an angry hiss.
The scorpion stings you but does no damage.
The orc wizard hits you but does no damage.
The scorpion stings you.
* * * LOW HITPOINT WARNING * * *
Aiming: Throw Flame
Press: ? - help, Q - select action, (/) - cycle Shift-Dir - straight line, f - orc wizard
Aim: an orc wizard, wielding a +0 dagger and wearing a +0 robe (60% to hit)
The puff of flame misses the orc wizard.
The puff of flame hits the white imp.
The white imp is burned terribly!
The white imp is moderately wounded.
You feel sick.
The scorpion stings you but does no damage.
The white imp summons a swarm of flies.
An iguana comes into view.
The scorpion stings you but does no damage.
The orc wizard hits you but does no damage.
The orc barely misses you.
Aiming: Throw Flame
Press: ? - help, Q - select action, (/) - cycle Shift-Dir - straight line, f/p - orc wizard
Aim: an orc wizard, wielding a +0 dagger and wearing a +0 robe (60% to hit)
The puff of flame misses the orc wizard.
You feel sick. The scorpion barely misses you.
The orc wizard gestures at you while chanting.
The puff of flame hits you!
You die...

............#.......o
....##..#.#......
......#.........l..
#...........#...... #.#.
#:.......<.........
#.#...............#......
...... ...#......5...!..
#...# #.. #.oo#.#.# #.⌠.#
#.#####.@s....#
###(..###...##...........
..........#.##..#........
.⌠..>..⌠..#....###.......
...............# ...##..
###...###......# ....# .
#.⌠.# #.......# #..#..
###...###........# ..#..
##.................


You could see a scorpion, an iguana, an orc wizard, a white imp and an orc.

Vanquished Creatures
  A water moccasin (D:5)
  An ice beast (D:5)
  A black bear (D:5)
  Blork the orc (D:5)
  A bullfrog (D:5)
  A scorpion (D:4)
  2 hounds
  A jelly (D:5)
  Crazy Yiuf (D:3)
  Ijyb (D:3)
  Natasha (D:4)
  Terence (D:3)
  9 adders
  An ufetubus (D:4)
  3 worms
  2 dart slugs
  6 orcs
  4 ball pythons
  7 endoplasms
  A giant cockroach (D:4)
  4 hobgoblins
  2 jackals (D:5)
  2 quokkas (D:1)
  4 bats
  16 frilled lizards
  2 goblins
  7 kobolds
  8 rats
91 creatures vanquished.

Vanquished Creatures (others)
  7 plants (D:1)
7 creatures vanquished.

Grand Total: 98 creatures vanquished

Notes
Turn   | Place    | Note
-------+----------+-------------------------------------------
     0 | D:1      | QueenGhuleh the Minotaur Berserker began the quest for the
                  | Orb.
     0 | D:1      | Reached XP level 1. HP: 19/19 MP: 0/0
   406 | D:1      | Reached XP level 2. HP: 27/27 MP: 1/1
   604 | D:1      | Reached skill level 4 in Axes
   705 | D:1      | Reached ** piety under Trog
  1252 | D:2      | Reached XP level 3. HP: 24/33 MP: 2/2
  1514 | D:2      | Reached XP level 4. HP: 38/41 MP: 3/3
  1558 | D:2      | Found a faded altar of an unknown god.
  1793 | D:2      | Identified the +1 leather armour of the Hall of Blades
                  | {Dex+7 SInv}
  2220 | D:3      | Reached skill level 5 in Axes
  2417 | D:3      | Noticed Terence
  2424 | D:3      | Killed Terence
  2443 | D:3      | Reached XP level 5. HP: 38/47 MP: 4/4
  2625 | D:3      | Found a runed translucent door.
  2626 | D:3      | Noticed Crazy Yiuf
  2733 | D:3      | Noticed Ijyb
  2749 | D:3      | Killed Ijyb
  3341 | D:3      | Killed Crazy Yiuf
  3454 | D:4      | Reached XP level 6. HP: 50/55 MP: 5/5
  3515 | D:4      | Reached skill level 5 in Fighting
  3630 | D:4      | Reached *** piety under Trog
  3724 | D:4      | Noticed Natasha
  3730 | D:4      | Killed Natasha
  3731 | D:4      | Reached skill level 6 in Axes
  3776 | D:5      | Entered Level 5 of the Dungeon
  3811 | D:5      | Reached skill level 1 in Staves
  3924 | D:5      | Noticed Blork the orc
  3927 | D:5      | Killed Blork the orc
  4110 | D:5      | Reached skill level 5 in Armour
  4110 | D:5      | Reached XP level 7. HP: 61/61 MP: 6/6
  4150 | D:5      | Found a staircase to the Ecumenical Temple.
  4200 | D:5      | HP: 1/62 [scorpion (6)]
  4202 | D:5      | Killed from afar by an orc wizard

Illustrated notes

Levels and vault maps discovered:
D:1:      dpeg_arrival_arbitrary_c, layout_basic, serial_forest,
          infiniplex_forest_straight_3, infiniplex_forest_end_2,
          infiniplex_forest_clump_small, infiniplex_forest_clump_long,
          infiniplex_forest_clump_double, infiniplex_forest_clump_double,
          minmay_door_square, minmay_lizard_king
D:2:      minmay_wonky_spiral, layout_rooms, chequers_ecumenical_altar_twisty
D:3:      layout_loops_ring, uniq_crazy_yiuf_cottage, uniq_terence, uniq_ijyb
D:4:      layout_gridville, grunt_ministairs_7, minmay_tree_intersection,
          uniq_natasha
D:5:      layout_cave_pools, minmay_temple_entry_junction, minivault_11,
          st_stairs_4, chequers_jeans, hangedman_decor_slide_cut,
          uniq_blork_the_orc

Skill      XL: |  1  2  3  4  5  6  7 |
---------------+----------------------+-----
Axes           | 4 5 6 |  6.2
Fighting       | 4 5 |  5.9
Dodging        | 3 |  3.5
Armour         | 3 4 5 |  5.8
Staves         | 2 4 |  4.0
Stealth        | |  0.6

Action                   |  1- 3 |  4- 6 |  7- 9 || total
-------------------------+-------+-------+-------++-------
Melee: Hand axe          |    68 |    69 |       ||   137
       Headbutt          |     7 |    18 |     1 ||    26
       Punch             |       |     2 |       ||     2
       Quarterstaff      |       |    36 |    17 ||    53
Invok: Berserk           |       |     2 |     1 ||     3
       Trog's Hand       |       |       |     1 ||     1
Evoke: Wand              |       |       |     2 ||     2
Armor: Animal skin       |    11 |       |       ||    11
       Ring mail         |     6 |    16 |       ||    22
       Plate armour      |       |    28 |    27 ||    55
Dodge: Dodged            |    41 |    39 |    12 ||    92

Table legend: (Time is in decaauts)
 A = Elapsed time spent in this place.
 B = Non-inter-level travel time spent in this place.
 C = Inter-level travel time spent in this place.
 D = Time resting spent in this place.
 E = Time spent auto-exploring this place.
 F = Levels seen in this place.
 G = Mean time per level.
                   A        B        C        D        E       F      G
               +--------+--------+--------+--------+--------+-----+--------+
         Total |   4241 |   4099 |    142 |      0 |   3583 |   5 |  848.2 |
       Dungeon |   4241 |   4099 |    142 |      0 |   3583 |   5 |  848.2 |
               +--------+--------+--------+--------+--------+-----+--------+

Top non-repeatable levels by time:
     D:3: 1424 daAuts
     D:1: 1243 daAuts
     D:2: 744 daAuts
     D:5: 430 daAuts
     D:4: 399 daAuts
